 Dungeon Crawl Stone Soup version 0.23.1 (webtiles) character file.

Game seed: 11570078419430650102

14349 Borgoz the Slicer (level 12, -7/100 HPs)
             Began as a Ghoul Enchanter on Mar 5, 2019.
             Was a Priest of Ashenzari.
             Mangled by a komodo dragon (26 damage)
             ... on level 2 of the Lair of Beasts.
             The game lasted 00:48:36 (18355 turns).

Borgoz the Slicer (Ghoul Enchanter)                Turns: 18355, Time: 00:48:36

Health: -7/100     AC:  8    Str: 13    XL:     12   Next: 15%
Magic:  18/28      EV: 14    Int: 12    God:    Ashenzari [***...]
Gold:   674        SH:  0    Dex: 13    Spells: 15/21 levels left

rFire    + . .     SeeInvis +   a - +2 dagger (drain)
rCold    + . .     Gourm    .   (no shield)
rNeg     + + +     Faith    .   w - +0 ring mail
rPois    ∞         Spirit   .   (no helmet)
rElec    +         Reflect  .   (no cloak)
rCorr    .         Harm     .   n - +0 pair of gloves (curse)
MR       .....                  g - +0 pair of boots (curse)
Stlth    +++.......             (no amulet)
HPRegen  0.00/turn              m - ring of protection from fire
MPRegen  0.21/turn              c - ring of Viorrod {rElec rPois MP+9 Dex+2} (curse)

@: about to teleport, rotting, hasted, very quick
A: rotting body, claws 1, carnivore, cold resistance 1, negative energy
resistance 3, inhibited regeneration, torment resistance, unbreathing
a: Curse Item, Scrying, Renounce Religion


You were on level 2 of the Lair of Beasts.
You worshipped Ashenzari.
Ashenzari was most pleased with you.
You were not hungry.

You visited 3 branches of the dungeon, and saw 15 of its levels.
You visited the Abyss 1 time.
You also visited: Sewer.

You collected 674 gold pieces.

Inventory:

Hand Weapons
 a - a +2 dagger of draining (weapon)
 b - a +0 blowgun
Missiles
 o - 3 throwing nets (quivered)
 x - 15 poisoned needles
 y - 21 tomahawks
Armour
 g - a cursed +0 pair of boots (worn)
 n - a cursed +0 pair of gloves (worn)
 p - a +2 scale mail of magic resistance
 w - a +0 ring mail (worn)
Jewellery
 c - the cursed ring of Viorrod (right hand) {rElec rPois MP+9 Dex+2}
   (You acquired it on level 8 of the Dungeon)

   [ring of magical power]

   It affects your dexterity (+2).
   It insulates you from electricity.
   It protects you from poison.
   It affects your magic capacity (+9).
   It has a curse placed upon it.
 h - an uncursed ring of protection from fire
 m - a ring of protection from fire (left hand)
 v - an uncursed ring of ice
Wands
 e - a wand of paralysis (2)
 i - a wand of iceblast (18)
 q - a wand of acid (5)
 r - a wand of flame (10)
 E - a wand of digging (1)
Scrolls
 j - 5 scrolls of enchant armour
 k - 4 scrolls of identify
 l - 2 scrolls of enchant weapon
 t - 5 scrolls of remove curse
 u - a scroll of torment {unknown}
 G - a scroll of fog
 J - a scroll of magic mapping
Potions
 f - 7 potions of curing
 A - a potion of haste
 C - a potion of resistance
 I - a potion of flight
Comestibles
 d - 32 rations


   Skills:
 + Level 7.2 Fighting
 * Level 9.0 Short Blades
 * Level 5.9 Armour
 * Level 6.5 Dodging
 + Level 8.9 Stealth
 + Level 5.4 Spellcasting
 + Level 7.1 Hexes
 + Level 0.0 Evocations


You had 15 spell levels left.
You knew the following spells:

 Your Spells              Type           Power        Failure   Level  Hunger
a - Corona                Hex            ###....      1%          1    None
b - Ensorcelled Hibernat  Hex/Ice        ##....       13%         2    ##.....
c - Confuse               Hex            ###.....     6%          3    ###....

Your spell library contained the following spells:

 Spells                   Type           Power        Failure   Level  Hunger
 Tukima's Dance           Hex            ###.....     6%          3    ###....
 Dazzling Spray           Conj/Hex       ##....       26%         3    ###....
 Freeze                   Ice            #...         36%         1    None
 Magic Dart               Conj           #...         36%         1    None
 Searing Ray              Conj           #.....       50%         2    ##.....
 Sticks to Snakes         Tmut           #.......     50%         2    ##.....
 Throw Frost              Conj/Ice       #.....       50%         2    ##.....
 Fulminant Prism          Conj/Hex       ##........   65%         4    ####...
 Ozocubu's Armour         Chrm/Ice       #.......     75%         3    ###....
 Force Lance              Conj/Tloc      #.......     98%         4    ####...
 Iskenderun's Mystic Bla  Conj           #.......     98%         4    ####...
 Summon Ice Beast         Ice/Summ       #.......     98%         4    ####...
 Throw Icicle             Conj/Ice       #.......     98%         4    ####...
 Beastly Appendage        Tmut           Unusable     N/A         1    N/A
 Spider Form              Tmut/Pois      Unusable     N/A         3    N/A
 Ice Form                 Ice/Tmut       Unusable     N/A         4    N/A
 Blade Hands              Tmut           Unusable     N/A         5    N/A

Dungeon Overview and Level Annotations

Branches:
Dungeon (12/15)            Temple (1/1) D:7            Lair (2/6) D:10
  Swamp: Lair:2-4    Shoals: Lair:2-4     Snake: Lair:2-4    Spider: Lair:2-4
    Orc: D:9-12

Altars:
Ashenzari
Cheibriados
Dithmenos
Elyvilon
Fedhas
Gozag
Hepliaklqana
Kikubaaqudgha
Makhleb
Nemelex Xobeh
Okawaru
Qazlal
Ru
Sif Muna
Trog
Uskayaw
Vehumet
Wu Jian
Xom
Yredelemnul
Zin
The Shining One
Beogh

Annotations:
Lair:1 exclusion: 3 oklob plants


Innate Abilities, Weirdness & Mutations

Your body is rotting away.
You thrive on raw meat.
You are immune to poison.
You have sharp fingernails.
You are carnivorous and can eat meat at any time.
Your flesh is cold resistant. (rC+)
You are immune to negative energy. (rN+++)
You do not regenerate when monsters are visible.
You are immune to unholy pain and torment.
You can survive without breathing.


Message History

The komodo dragon bites you!!
* * * LOW HITPOINT WARNING * * *
Unknown command.
Okay, then.
Okay, then.
As you read the scroll of teleportation, it crumbles to dust.
You feel strangely unstable. The wolf bites you.
* * * LOW HITPOINT WARNING * * *
The wolf closely misses you. The wolf misses you. The komodo dragon misses you.
The wolf barely misses you.
You feel better. The wolf completely misses you.
The wolf bites you but does no damage. The komodo dragon closely misses you.
The wolf misses you.
You feel yourself speed up. The wolf closely misses you. x2
The wolf barely misses you. The komodo dragon barely misses you.
You feel better.
The wolf barely misses you. x2; The wolf misses you.
You hit the wolf but do no damage. You drain the wolf.
The wolf is almost dead.
The komodo dragon bites you!!
You die...

.......* ,..........** .....
..#........"!...... .P. ,
..................#* .###
##............>...,* ...#
#.#..............P* #..#
#...............## .#
#.............%.# *,#*
#..hhh...###.## * #.@#h#####..P#
###l.#.#.....### , , , * *
#...........P###
..................#####........##
..................#* ##......#.P
...................* #.........
...............<... #.#.......
................... ##........
...................# #.........


You could see a komodo dragon and 3 wolves.

Vanquished Creatures
  Harold (D:7)
  3 hydras (Lair:1)
  An unseen horror (D:10)
  2 black mambas (Lair:1)
  Psyche (D:8)
  A spiny frog (Lair:1)
  A komodo dragon (Lair:1)
  2 trolls
  4 hippogriffs
  2 wyverns
  3 yaks
  A basilisk (Lair:2)
  A human (D:9)
  4 hogs (D:9)
  3 wargs
  4 water moccasins
  Duvessa (D:7)
  An ice beast (D:5)
  A porcupine (Lair:2)
  6 orc warriors
  3 black bears
  4 phantoms
  2 ogres
  A sky beast (D:5)
  5 centaurs
  3 big kobolds
  4 crocodiles
  9 bullfrogs
  Dowan (D:7)
  2 scorpions
  13 killer bees
  5 wights (D:7)
  2 howler monkeys
  4 crimson imps
  A bullfrog zombie (D:10)
  A quasit (D:7)
  A centaur zombie (D:10)
  4 hounds
  4 jellies
  12 orc priests
  A bullfrog skeleton (D:7)
  A centaur skeleton (D:5)
  15 orc wizards
  Terence (D:3)
  4 iguanas
  9 worker ants
  A hound skeleton (D:6)
  4 gnolls (D:4)
  15 adders
  3 shadow imps
  An adder skeleton (D:6)
  A dart slug (D:2)
  3 worms
  9 leopard geckos
  33 orcs
  8 ball pythons
  5 giant cockroaches
  9 goblins
  16 hobgoblins
  6 jackals
  4 quokkas
  9 bats
  A frilled lizard (D:5)
  24 kobolds
  A leopard gecko skeleton (D:6)
  A leopard gecko zombie (D:5)
  2 quokka skeletons
  13 rats
324 creatures vanquished.

Vanquished Creatures (collateral kills)
  4 killer bees (D:10)
4 creatures vanquished.

Vanquished Creatures (others)
  An orc wizard (D:10)
  A plant (Lair:1)
2 creatures vanquished.

Grand Total: 330 creatures vanquished

Notes
Turn   | Place    | Note
-------+----------+-------------------------------------------
     0 | D:1      | Borgoz the Ghoul Enchanter began the quest for the Orb.
     0 | D:1      | Reached XP level 1. HP: 14/14 MP: 2/2
     4 | D:1      | Noticed a minotaur
    10 | D:1      | Noticed an elf
    14 | D:1      | Noticed a minotaur skeleton
    14 | D:1      | Noticed a felid
    16 | D:1      | Noticed a merfolk zombie
    16 | D:1      | Noticed a centaur
    18 | D:1      | Noticed a ghoul
   208 | D:1      | Reached skill level 1 in Short Blades
   755 | D:1      | Reached XP level 2. HP: 20/20 MP: 3/3
   759 | D:1      | Learned a level 2 spell: Ensorcelled Hibernation
  1351 | D:1      | HP: 1/20 [hobgoblin/+0 club (6)]
  1696 | D:2      | HP: 1/20 [adder (4)]
  1698 | D:2      | Reached XP level 3. HP: 1/26 MP: 0/4
  2021 | D:2      | Found a hide-covered altar of Uskayaw.
  2524 | D:2      | Found a shimmering altar of Xom.
  2652 | D:2      | Found a sacrificial altar of Ru.
  2675 | D:2      | Reached skill level 2 in Short Blades
  2675 | D:2      | Reached XP level 4. HP: 22/34 MP: 0/6
  3209 | D:3      | Found a sparkling altar of Nemelex Xobeh.
  3419 | D:3      | Reached skill level 1 in Fighting
  3472 | D:3      | Reached XP level 5. HP: 29/40 MP: 7/7
  3542 | D:3      | Found a deep blue altar of Sif Muna.
  3557 | D:3      | Reached skill level 1 in Armour
  3829 | D:3      | Found a faded altar of an unknown god.
  4041 | D:3      | Noticed Terence
  4066 | D:3      | Killed Terence
  4072 | D:3      | Learned a level 3 spell: Confuse
  4164 | D:3      | Reached XP level 6. HP: 35/47 MP: 8/8
  4486 | D:5      | Entered Level 5 of the Dungeon
  4499 | D:5      | Noticed a phantom
  4544 | D:5      | Killed a phantom
  4564 | D:5      | Noticed a sky beast
  4577 | D:5      | Killed a sky beast
  4577 | D:5      | Reached skill level 3 in Short Blades
  4577 | D:5      | Reached XP level 7. HP: 17/53 MP: 2/10
  4642 | D:5      | Found a glowing drain.
  4669 | Sewer    | Entered a sewer
  5624 | D:4      | Reached XP level 8. HP: 62/62 MP: 11/11
  6059 | D:5      | Found a radiant altar of Vehumet.
  6062 | D:5      | Found a hazy altar of Hepliaklqana.
  6188 | D:5      | Reached skill level 4 in Short Blades
  6391 | D:6      | Reached skill level 5 in Stealth
  6696 | D:6      | HP: 1/63 [ogre/+0 giant club (30)]
  7146 | D:6      | Reached skill level 5 in Hexes
  7649 | D:6      | Reached skill level 5 in Short Blades
  7649 | D:6      | Reached XP level 9. HP: 71/71 MP: 9/12
  8768 | D:7      | Noticed Duvessa
  8769 | D:7      | Noticed Dowan
  8793 | D:7      | Killed Duvessa
  8814 | D:7      | Killed Dowan
  8913 | D:7      | Found a basalt altar of Yredelemnul.
  8922 | D:7      | Found a glowing golden altar of the Shining One.
  9011 | D:7      | Noticed Harold
  9041 | D:7      | Killed Harold
  9041 | D:7      | Reached skill level 6 in Short Blades
  9041 | D:7      | Reached XP level 10. HP: 50/80 MP: 12/14
  9391 | D:7      | Found a staircase to the Ecumenical Temple.
  9440 | D:7      | Reached skill level 5 in Fighting
  9459 | Temple   | Entered the Ecumenical Temple
  9660 | Temple   | Became a worshipper of Ashenzari the Shackled
  9831 | D:7      | Noticed an angel
 10298 | D:8      | Identified a scroll of acquirement
 10299 | D:8      | Identified the cursed ring of Viorrod {rElec rPois MP+9
                  | Dex+2} (You acquired it on level 8 of the Dungeon)
 10502 | D:8      | Noticed Psyche
 10508 | D:8      | Cast into level 2 of the Abyss (Psyche)
 10533 | D:8      | Escaped the Abyss
 10539 | D:8      | Killed Psyche
 10539 | D:8      | Reached skill level 5 in Dodging
 10779 | D:8      | Reached * piety under Ashenzari
 11094 | D:9      | Reached skill level 7 in Short Blades
 11269 | D:9      | You fall through a shaft!
 11269 | D:10     | Entered Level 10 of the Dungeon
 11956 | D:10     | Found a roughly hewn altar of Beogh.
 12292 | D:10     | Found a staircase to the Lair.
 12592 | D:9      | Reached XP level 11. HP: 57/89 MP: 16/16
 12849 | D:9      | Found an ornate altar of the Wu Jian Council.
 13374 | D:9      | Reached skill level 5 in Armour
 13602 | D:10     | Killed an unseen horror
 13799 | D:10     | Reached ** piety under Ashenzari
 14125 | D:10     | Reached skill level 8 in Short Blades
 14615 | D:11     | Noticed a death knight
 14624 | D:11     | Noticed a phantasmal warrior
 14625 | D:11     | Noticed a skeletal warrior
 15824 | Lair:1   | Entered Level 1 of the Lair of Beasts
 15825 | Lair:1   | Reached skill level 5 in Spellcasting
 15907 | Lair:1   | Noticed a four-headed hydra
 16121 | Lair:1   | Killed a four-headed hydra
 16614 | Lair:1   | Noticed a five-headed hydra
 16635 | Lair:1   | Killed a five-headed hydra
 16635 | Lair:1   | Reached XP level 12. HP: 38/98 MP: 18/18
 17409 | Lair:1   | Noticed a four-headed hydra
 17447 | Lair:1   | Killed a four-headed hydra
 17447 | Lair:1   | Reached skill level 9 in Short Blades
 17862 | Lair:2   | Reached *** piety under Ashenzari
 18355 | Lair:2   | Mangled by a komodo dragon

Skill      XL: |  1  2  3  4  5  6  7  8  9 10 11 12 |
---------------+-------------------------------------+-----
Short Blades   | 1 2 3 5 6 7 8 9 |  9.0
Dodging        | 2 3 4 5 6 |  6.5
Spellcasting   | 2 3 4 5 |  5.4
Hexes          | 3 4 5 6 7 |  7.1
Fighting       | 1 2 3 4 5 7 |  7.2
Armour         | 1 2 3 4 5 |  5.9
Stealth        | 4 5 6 7 8 |  8.9

Action                   |  1- 3 |  4- 6 |  7- 9 | 10-12 || total
-------------------------+-------+-------+-------+-------++-------
Melee: Dagger            |   168 |   189 |   674 |   713 ||  1744
Throw: Javelin           |       |       |     2 |       ||     2
       Throwing net      |       |       |       |     1 ||     1
 Cast: Corona            |     2 |     1 |       |       ||     3
       Ensorcelled Hiber |    11 |    14 |    37 |   126 ||   188
       Confuse           |       |     3 |    20 |    27 ||    50
Invok: Curse Item        |       |       |       |     2 ||     2
Evoke: Wand              |       |    10 |       |     8 ||    18
  Use: Scroll            |     1 |     7 |     7 |    12 ||    27
       Potion            |     1 |     3 |     2 |     8 ||    14
 Stab: Sleeping          |    10 |    19 |    21 |    61 ||   111
       Confused          |       |     1 |     8 |     8 ||    17
       Invisible         |       |       |     4 |       ||     4
       Distracted        |       |       |       |     1 ||     1
  Eat: Chunk             |     9 |     8 |    34 |    44 ||    95
       Ration            |       |       |       |     1 ||     1
Armor: Robe              |    45 |    36 |    42 |       ||   123
       Ring mail         |       |       |   151 |   260 ||   411
Dodge: Dodged            |   106 |    88 |   347 |   494 ||  1035
